General information
- name: BNet
- type: Ladder 1vs1/FFA
- host: Battle.net
- saver: Oster
map: TwistedMeadows
- players: 2
- length: 32:13
- speed: Fast
- version: 1.26 W3XP
- replay type: Public
» download(89 KB)
Players
team 1 (winner)
Oster (
orange | 62 APM | 1982 actions | 32:13)
6 Archmage
3 Blizzard
2 Brilliance Aura
1 Mass Teleport
5 Blood Mage
3 Flame Strike
2 Siphon Mana
4 Paladin
2 Divine Shield
2 Holy Light
» actions
| Assign group hotkey | 47 | |
| Basic commands | 107 | |
| Build / train | 117 | |
| ESC pressed | 1 | |
| Enter build submenu | 35 | |
| Enter hero's abilities submenu | 15 | |
| Give item / drop item | 13 | |
| Right click | 708 | |
| Select / deselect | 539 | |
| Select group hotkey | 135 | |
| Use ability | 264 | |
1982 total
» units
| Peasant | 29 | |
| Goblin Shredder | 3 | |
| Goblin Zeppelin | 2 | |
| Sorceress | 3 | |
| Ogre Mauler | 1 | |
| Forest Troll Shadow Priest | 1 | |
39 total
» upgrades
| Masonry | 3 | |
| Sorceress Training | 2 | |
| Magic Sentry | 2 | |
| Gunpowder | 1 | |
| Priest Training | 1 | |
| Swords | 2 | |
| Armor | 2 | |
| Lumber Harvesting | 1 | |
14 total
» buildings
| Altar of Kings | 1 | |
| Farm | 6 | |
| Arcane Vault | 2 | |
| Scout Tower | 40 | |
| Lumber Mill | 1 | |
| Arcane Tower | 7 | |
| Town Hall | 4 | |
| Keep | 1 | |
| Guard Tower | 14 | |
| Arcane Sanctum | 1 | |
| Castle | 1 | |
| Blacksmith | 2 | |
| Gryphon Aviary | 2 | |
82 total
» build order
00:08 Altar of Kings
00:28 Farm
00:29 Farm
00:48 Arcane Vault
01:23 Scout Tower
01:44 Lumber Mill
02:20 Arcane Tower
03:44 Scout Tower
03:47 Farm
04:34 Town Hall
04:38 Scout Tower
04:39 Scout Tower
04:47 Arcane Tower
05:08 Arcane Tower
05:10 Arcane Tower
05:37 Scout Tower
05:37 Scout Tower
05:38 Scout Tower
05:39 Scout Tower
05:52 Keep
05:55 Scout Tower
05:56 Scout Tower
05:57 Scout Tower
05:58 Scout Tower
05:59 Scout Tower
06:22 Guard Tower
06:24 Scout Tower
06:25 Scout Tower
06:26 Arcane Vault
07:12 Guard Tower
07:27 Guard Tower
07:39 Guard Tower
08:18 Guard Tower
09:07 Arcane Sanctum
09:22 Castle
09:25 Blacksmith
10:10 Farm
11:05 Farm
15:08 Town Hall
15:13 Scout Tower
15:24 Scout Tower
15:25 Scout Tower
15:25 Scout Tower
15:26 Scout Tower
15:27 Scout Tower
15:28 Scout Tower
15:30 Arcane Tower
15:53 Guard Tower
15:58 Guard Tower
16:01 Guard Tower
16:07 Blacksmith
16:45 Guard Tower
19:30 Gryphon Aviary
19:31 Gryphon Aviary
22:15 Town Hall
22:28 Scout Tower
22:28 Scout Tower
22:29 Scout Tower
22:30 Scout Tower
22:30 Scout Tower
22:31 Scout Tower
22:32 Scout Tower
22:32 Scout Tower
23:24 Arcane Tower
23:25 Guard Tower
24:30 Guard Tower
29:03 Town Hall
29:08 Scout Tower
29:08 Scout Tower
29:09 Scout Tower
29:10 Scout Tower
29:11 Scout Tower
29:11 Scout Tower
29:12 Scout Tower
29:14 Scout Tower
29:19 Scout Tower
29:20 Scout Tower
29:31 Farm
29:45 Arcane Tower
29:48 Guard Tower
31:06 Guard Tower
31:13 Guard Tower
» items
| Mechanical Critter | 2 | |
| Lesser Clarity Potion | 5 | |
| Scroll of Regeneration | 5 | |
| Staff of Teleportation | 1 | |
| Periapt of Vitality | 3 | |
| Circlet of Nobility | 1 | |
| Potion of Healing | 2 | |
| Staff of Sanctuary | 1 | |
| Orb of Fire | 1 | |
| Boots of Speed | 2 | |
23 total
team 2 (loser)
HarderA (
pink | 30 APM | 963 actions | 32:13)
2 Mountain King
1 Storm Bolt
1 Bash
1 Paladin
1 Holy Light
1 Archmage
1 Summon Water Elemental
» actions
| Assign group hotkey | 22 | |
| Basic commands | 50 | |
| Build / train | 121 | |
| ESC pressed | 3 | |
| Enter build submenu | 30 | |
| Enter hero's abilities submenu | 4 | |
| Right click | 262 | |
| Select / deselect | 358 | |
| Select group hotkey | 23 | |
| Use ability | 89 | |
963 total
» units
| Peasant | 75 | |
| Mortar Team | 2 | |
| Flying Machine | 6 | |
| Sorceress | 4 | |
87 total
» upgrades
| Masonry | 3 | |
| Lumber Harvesting | 2 | |
| Gunpowder | 3 | |
| Swords | 1 | |
| Sorceress Training | 1 | |
| Armor | 1 | |
| Flying Machine Bombs | 1 | |
| Flak Cannons | 1 | |
| Barrage | 1 | |
14 total
» buildings
| Lumber Mill | 1 | |
| Altar of Kings | 1 | |
| Farm | 16 | |
| Scout Tower | 5 | |
| Guard Tower | 3 | |
| Arcane Tower | 2 | |
| Arcane Vault | 1 | |
| Town Hall | 1 | |
| Keep | 1 | |
| Blacksmith | 1 | |
| Workshop | 2 | |
| Arcane Sanctum | 2 | |
| Castle | 1 | |
37 total
» build order
00:26 Lumber Mill
00:44 Altar of Kings
00:54 Farm
01:33 Farm
02:00 Farm
02:04 Farm
02:08 Farm
02:28 Farm
02:33 Scout Tower
03:38 Guard Tower
03:45 Scout Tower
04:04 Arcane Tower
04:16 Scout Tower
04:28 Scout Tower
04:44 Farm
04:51 Arcane Tower
04:55 Guard Tower
05:31 Arcane Vault
06:56 Town Hall
07:24 Keep
07:43 Blacksmith
09:59 Workshop
10:00 Arcane Sanctum
10:02 Arcane Sanctum
16:54 Castle
21:22 Workshop
21:43 Farm
21:52 Farm
24:14 Scout Tower
24:34 Farm
24:35 Farm
24:36 Farm
24:38 Farm
24:39 Farm
24:41 Farm
24:42 Farm
24:45 Guard Tower
» items
| Lesser Clarity Potion | 1 | |
| Mechanical Critter | 2 | |
| Scroll of Regeneration | 1 | |
| Scroll of Town Portal | 1 | |
5 total
Chat log
(11:54 / All) Oster: are you really gonna invisible mortar me?
(13:32 / All) HarderA: u smart
(13:36 / All) Oster: You are stupid.
(13:43 / All) HarderA: nice encounter
(13:44 / All) Oster: leave
(13:58 / All) HarderA: no
(14:00 / All) Oster: lol
(14:05 / All) Oster: waste your time then :)
(14:11 / All) HarderA: your time
(14:14 / All) HarderA: i have no time
(14:15 / All) Oster: so what you're saying
(14:19 / All) Oster: is that my time is more valuable than yours?
(14:35 / All) HarderA: im saying i have no time
(14:41 / All) Oster: same thing to me
(14:45 / All) HarderA: how can be mine?
(14:54 / All) Oster: what 3rd world country are you from?
(14:55 / All) HarderA: im not normal.
(15:18 / All) HarderA: same of u
(15:18 / All) Oster: that youre so bad at saving face
(16:25 / All) HarderA: nice movements
(16:31 / All) Oster: bad english.
(16:38 / All) HarderA: how r u doing they say
(16:41 / All) HarderA: i love it
(17:10 / All) Oster: bye ye
(17:20 / All) Oster: :)
(17:27 / All) HarderA: u forgot a hero
(17:31 / All) Oster: he can walk.
(17:37 / All) Oster: thanks for level 6 by the way
(17:41 / All) HarderA: no. he have a horse
(17:48 / All) Oster: how old are you
(17:49 / All) Oster: 7?
(17:55 / All) HarderA: nope. 5.
(18:02 / All) HarderA: i love it.
(18:04 / All) HarderA: -)
(18:14 / All) Oster: amazing youre not even good at being bad
(18:28 / All) HarderA: i love it
(19:09 / All) HarderA: wow thi shurts hu?
(19:20 / All) Oster: Did you type that with your nose?
(19:28 / All) HarderA: too
(20:20 / All) HarderA: i have afraid heros
(20:38 / All) Oster: Do you get beat up a lot at school?
(21:13 / All) Oster: LOL
(21:14 / All) HarderA: lol i can win u
(22:13 / All) HarderA: the mana drain
(23:07 / All) Oster: wow you didnt change tech at all
(23:14 / All) Oster: so bad...
(24:06 / All) HarderA: u qua qua qua
(24:10 / All) HarderA: i love it
(26:17 / All) HarderA: they made of paper. il ove it
(26:50 / All) HarderA: i love it
(27:46 / All) Oster: LOL
(27:49 / All) HarderA: see how creep
(28:36 / All) Oster: Leave.
(28:42 / All) HarderA: love it
(28:47 / All) Oster: you say "love it" when you cry
(28:49 / All) Oster: i understand now
(29:03 / All) HarderA: i love it
(29:53 / All) HarderA: how u doing?
(30:00 / All) Oster: feels good man
(30:06 / All) HarderA: hf?
(30:17 / All) Oster: Always...I'm winning.
(30:23 / All) HarderA: only have fun winning?
(30:25 / All) Oster: but ill laugh more when you leave
(30:41 / All) HarderA: never leave.
(30:45 / All) HarderA: u won. but i never leave.
(30:51 / All) Oster: Yes you will.
(31:02 / All) HarderA: no i go not.
(31:03 / All) Oster: They always leave.
(31:09 / All) Oster: fucking dumb foreigner
(31:45 / All) HarderA: ups